 Dungeon Crawl Stone Soup version 0.25-a0-578-gc91f01c39c (webtiles) character file.

Game seed: 3736736150330182521, levelgen mode: deterministic

78 EriolAelfwine the Poker (level 4, -1/34 HPs)
             Began as a Merfolk Skald on Mar 7, 2020.
             Slain by an adder (3 damage)
             ... on level 3 of the Dungeon.
             The game lasted 00:09:57 (3303 turns).

EriolAelfwine the Poker (Merfolk Skald)             Turns: 3303, Time: 00:09:57

Health: -1/34      AC:  3    Str: 12    XL:     4   Next: 36%
Magic:  5/7        EV: 13    Int: 12    God:
Gold:   115        SH:  0    Dex: 13    Spells: 4/7 levels left

rFire    . . .     SeeInvis .   m - +0 trident
rCold    . . .     Gourm    .   (no shield)
rNeg     . . .     Faith    .   b - +0 leather armour
rPois    .         Spirit   .   (no helmet)
rElec    .         Reflect  .   (no cloak)
rCorr    .         Harm     .   (no gloves)
MR       .....                  (no boots)
Stlth    +.........             (no amulet)
HPRegen  0.11/turn              (no ring)
MPRegen  0.10/turn              (no ring)

@: lethally poisoned (-1 -> -8), shrouded
A: change form in water, swift swim, stealthy swim
a: no special abilities


You were on level 3 of the Dungeon.
You were near starving.

You visited 1 branch of the dungeon, and saw 3 of its levels.

You collected 115 gold pieces.

Inventory:

Hand Weapons
 a - a +0 spear
 m - a +0 trident (weapon)
Armour
 b - a +0 leather armour (worn)
 o - a +0 chain mail
Scrolls
 c - a scroll of identify {unknown}
 e - a scroll of teleportation {unknown}
 h - a scroll of amnesia {unknown}
 i - a scroll of magic mapping {unknown}
 l - a scroll of fear {unknown}
 n - a scroll of remove curse {unknown}
Potions
 f - a potion of might {unknown}
 g - a potion of curing {unknown}
 j - a potion of ambrosia {unknown}
 k - a potion of cancellation
 p - a potion of brilliance {unknown}
Comestibles
 d - 5 rations


   Skills:
 + Level 2.9 Fighting
 + Level 4.2 Polearms
 - Level 0.6 Armour
 + Level 3.2 Dodging
 + Level 1.0 Stealth
 + Level 2.3 Spellcasting
 + Level 3.7 Charms


You had 4 spell levels left.
You knew the following spells:

 Your Spells              Type           Power        Failure   Level  Hunger
a - Infusion              Chrm           ##..         7%          1    ##.....
b - Shroud of Golubria    Chrm/Tloc      #.....       22%         2    ###....

Your spell library contained the following spells:

 Spells                   Type           Power        Failure   Level  Hunger
 Song of Slaying          Chrm           ##......     11%         2    ###....
 Ozocubu's Armour         Chrm/Ice       #.......     43%         3    ####...
 Spectral Weapon          Hex/Chrm       #.......     43%         3    ####...


Dungeon Overview and Level Annotations

Branches:
Dungeon (3/15)

Altars:
Ashenzari
Cheibriados


Message History

You feel sick. The adder barely misses you.
You hit the adder.
The adder is heavily wounded.
The adder barely misses you. The adder misses you.
You miss the adder.
The adder is heavily wounded.
* * * LOW HITPOINT WARNING * * *
You feel sick. The adder bites you.
* * * LOW HITPOINT WARNING * * *
You are more poisoned.
The adder poisons you!
* * * LOW HITPOINT WARNING * * *
You feel sick. The adder barely misses you.
* * * LOW HITPOINT WARNING * * *
You feel sick.
* * * LOW HITPOINT WARNING * * *
You feel sick. The adder bites you but does no damage.
* * * LOW HITPOINT WARNING * * *
You feel sick. The adder bites you.
You die...

#. #.#
#.# #.#
#.# #.#
### #†#
#.. #.#
#.# #.###
#.# #..@#
#.#
###S###.#
#...).#
#######


You could see an adder.

Vanquished Creatures
  Terence (D:2)
  A worm (D:2)
  3 dart slugs
  A leopard gecko (D:1)
  A giant cockroach (D:1)
  9 goblins
  4 hobgoblins
  2 jackals (D:2)
  A quokka (D:2)
  A ball python (D:3)
  2 bats
  3 frilled lizards
  5 kobolds
  7 rats
41 creatures vanquished.

Notes
Turn   | Place    | Note
-------+----------+-------------------------------------------
     0 | D:1      | EriolAelfwine the Merfolk Skald began the quest for the
                  | Orb.
     0 | D:1      | Reached XP level 1. HP: 16/16 MP: 3/3
   598 | D:1      | Reached XP level 2. HP: 22/22 MP: 5/5
   602 | D:1      | Learned a level 2 spell: Shroud of Golubria
  1045 | D:1      | Reached XP level 3. HP: 25/28 MP: 6/6
  1419 | D:2      | Noticed Terence
  1784 | D:2      | Found a shattered altar of Ashenzari.
  2358 | D:2      | Found a snail-covered altar of Cheibriados.
  2900 | D:2      | Killed Terence
  2900 | D:2      | Reached skill level 4 in Polearms
  2900 | D:2      | Reached skill level 1 in Stealth
  2900 | D:2      | Reached XP level 4. HP: 15/34 MP: 4/7
  3303 | D:3      | Slain by an adder

Levels and vault maps discovered:
D:1:      dpeg_arrival_morbid_curiosity, layout_basic
D:2:      layout_loops_ring, overflow_temple_1_default, kennysheep_slug_shrine,
          uniq_terence
D:3:      layout_basic, uniq_robin

Skill      XL: |  1  2  3 |
---------------+----------+-----
Dodging        | 3 |  3.2
Polearms       | 4 |  4.2
Stealth        | 1 |  1.0
Fighting       | |  2.9
Armour         | |  0.6
Spellcasting   | |  2.3
Charms         | |  3.7

Action                   |  1- 3 |  4- 6 || total
-------------------------+-------+-------++-------
Melee: Spear             |   226 |       ||   226
       Tailslap          |     1 |       ||     1
       Trident           |       |    16 ||    16
 Cast: Shroud of Golubri |     4 |     1 ||     5
       Infusion          |     1 |       ||     1
  Use: Potion            |       |     1 ||     1
 Stab: Sleeping          |     2 |       ||     2
  Eat: Chunk             |     6 |       ||     6
Armor: Leather armour    |    36 |     5 ||    41
Dodge: Dodged            |   121 |    13 ||   134

Table legend:
 A = Non-vault XP
 B = Vault XP
 C = Vault XP percentage of total XP
 D = Non-vault monster count
 E = Vault monster count
 F = Vault count percentage of total count
                 A         B        C        D         E       F
            +---------+---------+-------+---------+---------+-------
      Total |      61 |      51 |  45.5 |      34 |       7 |  17.1
            +---------+---------+-------+---------+---------+-------
        D:1 |      31 |       9 |  22.5 |      17 |       5 |  22.7
        D:2 |      26 |      42 |  61.8 |      14 |       2 |  12.5
        D:3 |       4 |       0 |   0.0 |       3 |       0 |   0.0
            +---------+---------+-------+---------+---------+-------
